 Dungeon Crawl Stone Soup version 0.26-a0-651-gb41185065b (webtiles) character file.

Game seed: 6260249587820246471

31364 Lanoc the Stormcaller (level 13, -5/65 HPs)
             Began as a Deep Elf Air Elementalist on Oct 9, 2020.
             Was the Champion of Qazlal.
             Shot with an arrow by a centaur warrior (12 damage)
             ... on level 15 of the Dungeon.
             The game lasted 00:51:41 (24884 turns).

Lanoc the Stormcaller (Deep Elf Air Elementalist)  Turns: 24884, Time: 00:51:41

Health: -5/65      AC: 10    Str:  3    XL:     13   Next: 25%
Magic:  4/19       EV: 20    Int: 26    God:    Qazlal [******]
Gold:   649        SH:  8    Dex: 15    Spells: 5/18 levels left

rFire    + . .     SeeInvis .   a - staff of air
rCold    + + .     Faith    .   (no shield)
rNeg     . . .     Spirit   .   N - +3 leather armour "Amapn" {rElec rC++ rCorr Str-2}
rPois    .         Reflect  .   (no helmet)
rElec    +         Harm     .   (no cloak)
rCorr    +         Rampage  .   (no gloves)
MR       +++..                  l - +1 pair of boots
Stlth    +.........             L - amulet of magic regeneration
HPRegen  0.20/turn              q - ring of protection from magic
MPRegen  0.41/turn              s - ring of protection from magic

@: protected from fire, repel missiles
A: yellow scales 1
a: Upheaval, Elemental Force, Disaster Area, Renounce Religion


You were on level 15 of the Dungeon.
You worshipped Qazlal.
Qazlal was exalted by your worship.
You visited 2 branches of the dungeon, and saw 16 of its levels.

You collected 991 gold pieces.
You spent 342 gold pieces at shops.

Inventory:

Hand Weapons
 b - the +9 heavy crossbow "Sniper" {vorpal, Acc+∞ SInv}
   (You found it on level 11 of the Dungeon)

   Any bolt fired from it inflicts extra damage.
   It lets you see invisible.
Missiles
 e - 2 throwing nets (quivered)
 k - 72 bolts
Armour
 l - a +1 pair of boots (worn)
 N - the +3 leather armour "Amapn" (worn) {rElec rC++ rCorr Str-2}
   (You found it on level 11 of the Dungeon)

   It affects your strength (-2).
   It greatly protects you from cold.
   It insulates you from electricity.
   It provides partial protection from all sources of acid and corrosion.
Magical Staves
 a - an uncursed staff of air (weapon)
Jewellery
 q - a ring of protection from magic (left hand)
 s - a ring of protection from magic (right hand)
 y - a +4 ring of slaying
 H - an uncursed ring of poison resistance
 I - an uncursed ring of protection from fire
 L - an amulet of magic regeneration (around neck)
Wands
 i - a wand of disintegration (14)
 D - a wand of polymorph (9)
 F - a wand of iceblast (6)
 G - a wand of acid (4)
 P - a wand of random effects (22)
Scrolls
 d - 5 scrolls of teleportation
 f - a scroll of random uselessness {unknown}
 h - 4 scrolls of remove curse
 n - a scroll of vulnerability {unknown}
 o - 2 scrolls of blinking
 p - 2 scrolls of fear
 x - a scroll of fog {unknown}
 z - a scroll of immolation
 B - a scroll of amnesia
 C - a scroll of silence
 J - a scroll of enchant weapon
 K - 3 scrolls of enchant armour
Potions
 c - 7 potions of curing
 g - 4 potions of resistance
 j - 2 potions of magic
 m - 4 potions of might
 r - 2 potions of brilliance
 u - a potion of mutation
 v - 3 potions of stabbing
 w - 4 potions of lignification
 E - a potion of berserk rage
 M - a potion of flight
Miscellaneous
 t - a lightning rod (4/4)
 A - a phantom mirror (inert)


   Skills:
 + Level 1.3 Fighting
 + Level 14.8 Dodging
 - Level 2.4 Stealth
 - Level 3.0 Spellcasting
 - Level 1.1 Conjurations
 * Level 17.2 Air Magic
 - Level 5.1 Evocations


You had 5 spell levels left.
You knew the following spells:

 Your Spells              Type           Power        Failure   Level
a - Shock                 Conj/Air       ####         1%          1
b - Static Discharge      Conj/Air       ######..     1%          3
c - Airstrike             Air            #######...   1%          4
d - Lightning Bolt        Conj/Air       ######....   12%         5

Your spell library contained the following spells:

 Spells                   Type           Power        Failure   Level
 Swiftness                Air            #######.     1%          2
 Blink                    Tloc           N/A          28%         2
 Gell's Gravitas          Tloc           #.........   50%         3
 Lesser Beckoning         Tloc           #.........   50%         3
 Teleport Other           Tloc           #.......     50%         3
 Passage of Golubria      Tloc           N/A          88%         4


Dungeon Overview and Level Annotations

Branches:
Dungeon (15/15)            Temple (1/1) D:4            Lair (0/6) D:10
    Orc (0/2) D:10         Vaults (0/5) D:13
 Depths: D:15

Altars:
Ashenzari
Cheibriados
Dithmenos
Elyvilon
Fedhas
Gozag
Hepliaklqana
Kikubaaqudgha
Makhleb
Nemelex Xobeh
Qazlal
Sif Muna
Trog
Uskayaw
Vehumet
Wu Jian
Xom
Yredelemnul
Zin
The Shining One

Shops:
D:5 [!}   D:8 **(:   D:11 }   D:13 }:=[

Annotations:
D:9 1 runed translucent door
D:10 4 runed translucent doors


Innate Abilities, Weirdness & Mutations

You are partially covered in yellow scales. (AC +2)


Message History

The centaur warrior shoots an arrow.
The arrow barely misses you.
Casting: Airstrike (safe; 1% risk of failure)
Confirm with . or Enter, or press ? or * to list all spells.
Aiming: Airstrike (safe; 1% risk of failure)
Press: ? - help, Dir - move target cursor, f - centaur warrior
Aim: a centaur warrior, wielding a +2 longbow of flaming and quivering 7 arrows You feel a surge of power!
The air twists around and strikes the centaur warrior!
The centaur warrior is moderately wounded.
The centaur warrior shoots an arrow.
The arrow hits you!! The arrow burns you.
You feel less protected from physical attacks.
The centaur warrior shoots an arrow.
The arrow hits you!
You feel protected from fire. The arrow burns you.
* * * LOW HITPOINT WARNING * * *
There is a stone staircase leading up here.
The centaur warrior shoots an arrow.
The arrow hits you!
* * * LOW HITPOINT WARNING * * *
The centaur warrior shoots an arrow.
The arrow hits you!
You die...

.... ##..#
.#..###.c.#
.........#
#..#..#
#.()#
##○°.#
#[.○##
##.°.#
#/@..#
##.### ###


You could see a centaur warrior.

Vanquished Creatures
  A hydra (D:14)
  Harold (D:7)
  4 two-headed ogres
  2 centaur warriors
  Urug (D:12)
  An unseen horror (D:14)
  A skeletal warrior (D:12)
  A manticore (D:13)
  3 cyclopes
  5 ugly things (D:12)
  5 centaur zombies
  4 gargoyles
  2 freezing wraiths (D:11)
  A rime drake (shapeshifter) (D:14)
  2 komodo dragons
  An efreet (D:13)
  A yaktaur (shapeshifter) (D:13)
  A tengu conjurer (D:14)
  6 trolls
  3 slime creatures (D:12)
  5 hippogriffs
  2 vampires
  2 shadows
  2 wraiths
  A wyvern (D:9)
  10 yaks
  16 humans
  Eustachio (D:5)
  A spriggan (shapeshifter) (D:14)
  2 basilisks
  3 acid dragons
  A soldier ant (D:12)
  5 orc warriors
  5 ice beasts
  3 eyes of draining
  2 sky beasts
  A black bear (D:10)
  A necrophage (D:11)
  3 phantoms
  A tengu (shapeshifter) (D:13)
  3 ogres
  15 centaurs
  3 big kobolds
  2 bullfrogs
  2 wyvern skeletons
  7 scorpions
  16 killer bees
  3 wights (D:10)
  4 electric eels (D:13)
  A howler monkey (D:7)
  A bullfrog zombie (D:5)
  3 centaur skeletons
  7 hounds
  5 jellies
  7 orc priests
  2 bullfrog skeletons
  11 orc wizards
  4 iguanas
  17 worker ants
  3 hound skeletons
  A worker ant zombie (D:9)
  Robin (D:4)
  15 gnolls
  11 adders
  4 shadow imps
  2 white imps
  2 ufetubi
  2 adder skeletons
  2 worms
  2 dart slugs (D:4)
  2 leopard geckos
  61 orcs
  5 giant cockroaches
  39 goblins
  24 hobgoblins
  10 jackals
  A ball python (D:2)
  A ball python skeleton (D:5)
  3 bats (D:3)
  A frilled lizard (D:2)
  A jackal zombie (D:5)
  5 kobolds
  A quokka skeleton (D:9)
  A quokka zombie (D:7)
  3 butterflies (D:9)
429 creatures vanquished.

Vanquished Creatures (collateral kills)
  Rupert (D:13)
1 creature vanquished.

Vanquished Creatures (others)
  43 plants (D:10)
43 creatures vanquished.

Grand Total: 473 creatures vanquished

Notes
Turn   | Place    | Note
-------+----------+-------------------------------------------
     0 | D:1      | Lanoc the Deep Elf Air Elementalist began the quest for the
                  | Orb.
     0 | D:1      | Reached XP level 1. HP: 10/10 MP: 6/6
   445 | D:3      | Reached XP level 2. HP: 15/15 MP: 4/8
  1018 | D:3      | Reached skill level 4 in Air Magic
  1018 | D:3      | Reached XP level 3. HP: 2/19 MP: 4/9
  1023 | D:3      | Learned a level 3 spell: Static Discharge
  1486 | D:4      | Reached XP level 4. HP: 24/24 MP: 5/10
  1492 | D:4      | Learned a level 4 spell: Airstrike
  1665 | D:4      | Found a staircase to the Ecumenical Temple.
  1690 | Temple   | Entered the Ecumenical Temple
  1949 | Temple   | Became a worshipper of Qazlal Stormbringer
  2146 | D:4      | Reached skill level 5 in Air Magic
  2163 | D:4      | Reached XP level 5. HP: 26/28 MP: 2/11
  2452 | D:4      | Reached * piety under Qazlal
  2555 | D:4      | Reached XP level 6. HP: 8/32 MP: 0/12
  2898 | D:4      | Reached skill level 5 in Dodging
  2898 | D:4      | Reached skill level 6 in Air Magic
  3503 | D:4      | Reached ** piety under Qazlal
  3637 | D:4      | Noticed Robin
  3678 | D:4      | Killed Robin
  4008 | D:4      | Reached XP level 7. HP: 33/36 MP: 10/13
  4106 | D:4      | Found a burning altar of Makhleb.
  4293 | D:5      | Entered Level 5 of the Dungeon
  4349 | D:5      | Reached skill level 7 in Air Magic
  4387 | D:5      | Found Ziyw's Antique Armour Boutique.
  4557 | D:5      | Found Ceot's Gadget Shoppe.
  4717 | D:5      | Found a sparkling altar of Nemelex Xobeh.
  4855 | D:5      | Reached skill level 8 in Air Magic
  5134 | D:5      | Found Gierchanaa's Distillery.
  5140 | D:5      | Bought a potion of heal wounds for 55 gold pieces
  5140 | D:5      | Bought a potion of curing for 33 gold pieces
  5140 | D:5      | Bought a potion of magic for 88 gold pieces
  5140 | D:5      | Bought a potion of might for 44 gold pieces
  5140 | D:5      | Bought 2 potions of lignification for 66 gold pieces
  5151 | D:5      | Reached *** piety under Qazlal
  5156 | D:5      | Reached XP level 8. HP: 11/41 MP: 6/14
  5238 | D:5      | Noticed Eustachio
  5255 | D:5      | Killed Eustachio
  5533 | D:5      | Found a shimmering altar of Xom.
  5729 | D:6      | Reached skill level 9 in Air Magic
  5866 | D:6      | Got a masterwork leather armour
  5877 | D:6      | Identified the +1 leather armour of Beogh's Esteem {rElec
                  | rC+ Str+7} (You found it on level 6 of the Dungeon)
  5932 | D:6      | Gained mutation: Your spells are a little easier to cast,
                  | but a little less powerful. [potion of mutation]
  5932 | D:6      | Gained mutation: You are partially covered in yellow
                  | scales. (AC +2) [potion of mutation]
  5932 | D:6      | Lost mutation: Your spells are a little easier to cast, but
                  | a little less powerful. [potion of mutation]
  6868 | D:7      | Noticed Harold
  7293 | D:6      | Reached skill level 10 in Air Magic
  7570 | D:6      | Reached XP level 9. HP: 6/45 MP: 3/15
  7905 | D:7      | Killed Harold
  7907 | D:7      | Reached skill level 11 in Air Magic
  8993 | D:8      | Found Dueschaf's Assorted Antiques.
  8994 | D:8      | Noticed a two-headed ogre
  9012 | D:8      | Killed a two-headed ogre
  9012 | D:8      | Reached skill level 10 in Dodging
  9044 | D:8      | Bought a scroll labeled ATIRUYW EKUDOJ for 28 gold pieces
  9044 | D:8      | Bought a scroll labeled CEODI OZXASIH for 28 gold pieces
  9214 | D:8      | Found Igev's Antique Weapon Shop.
  9285 | D:8      | Found Ycar's Book Emporium.
  9382 | D:8      | Reached XP level 10. HP: 50/50 MP: 10/16
  9438 | D:8      | Reached skill level 12 in Air Magic
  9799 | D:8      | Found Woptuf's General Store.
 10318 | D:9      | Reached **** piety under Qazlal
 10318 | D:9      | Reached skill level 1 in Evocations
 10509 | D:9      | Found a hazy altar of Hepliaklqana.
 10973 | D:9      | Found a runed translucent door.
 10974 | D:9      | Found a runed translucent door.
 11633 | D:10     | Entered Level 10 of the Dungeon
 11852 | D:10     | Learned a level 5 spell: Lightning Bolt
 12521 | D:10     | Found a staircase to the Orcish Mines.
 12526 | D:10     | Found a huge runed translucent gate.
 12526 | D:10     | Found a huge runed translucent gate.
 12527 | D:10     | Found a huge runed translucent gate.
 12527 | D:10     | Noticed a manticore
 12530 | D:10     | Noticed a manticore
 13088 | D:10     | Reached ***** piety under Qazlal
 13130 | D:10     | Found a huge runed translucent gate.
 13130 | D:10     | Noticed a death yak
 13148 | D:10     | Reached skill level 13 in Air Magic
 13252 | D:10     | Found a staircase to the Lair.
 13305 | D:10     | Noticed a manticore
 13625 | D:11     | Noticed a gargoyle
 13628 | D:11     | Killed a gargoyle
 13669 | D:11     | Noticed a two-headed ogre
 13731 | D:10     | Killed a two-headed ogre
 13731 | D:10     | Reached XP level 11. HP: 27/54 MP: 2/17
 14127 | D:11     | Reached skill level 5 in Evocations
 14487 | D:11     | Found the +9 heavy crossbow "Sniper" {vorpal, Acc+∞ SInv}
 14567 | D:11     | Found a white marble altar of Elyvilon.
 14625 | D:11     | Found Xuosm's Gadget Shoppe.
 14635 | D:11     | Got a scorched leather armour
 14647 | D:11     | Identified the +3 leather armour "Amapn" {rElec rC++ rCorr
                  | Str-2} (You found it on level 11 of the Dungeon)
 15277 | D:12     | Noticed a two-headed ogre
 15541 | D:11     | Killed a two-headed ogre
 15733 | D:12     | Reached skill level 14 in Air Magic
 16030 | D:12     | Noticed a red ugly thing
 16034 | D:12     | Noticed a green ugly thing
 16038 | D:12     | Killed a red ugly thing
 16155 | D:12     | Found a shadowy altar of Dithmenos.
 16268 | D:12     | Noticed a skeletal warrior
 17145 | D:12     | Noticed a green ugly thing
 17155 | D:12     | Killed a green ugly thing
 18026 | D:12     | Killed a skeletal warrior
 18161 | D:12     | Got a spiked ring mail
 18172 | D:12     | Identified the +0 ring mail of Protective Custody {rElec
                  | rF- Str+10} (You found it on level 12 of the Dungeon)
 18213 | D:13     | Found a gate to the Vaults.
 18213 | D:13     | Noticed Urug
 18213 | D:13     | Noticed Rupert
 18213 | D:13     | Noticed Nessos
 18444 | D:13     | Noticed a centaur warrior
 18447 | D:12     | Reached skill level 15 in Air Magic
 18500 | D:13     | Noticed a two-headed ogre
 18772 | D:13     | Killed a two-headed ogre
 18936 | D:12     | Reached XP level 12. HP: 44/59 MP: 18/18
 19123 | D:13     | Killed a centaur warrior
 20884 | D:12     | Killed Urug
 21183 | D:13     | Reached skill level 16 in Air Magic
 21813 | D:13     | Killed Rupert
 22139 | D:13     | Found Xosidave's Gadget Emporium.
 22159 | D:13     | Noticed Nessos
 22159 | D:13     | Nessos changed into Nessos the glowing shapeshifter
 22160 | D:13     | Noticed Nessos
 22160 | D:13     | Nessos the glowing shapeshifter changed into Nessos the
                  | deep troll
 22168 | D:13     | Noticed Nessos
 22168 | D:13     | Nessos the deep troll changed into Nessos the moth of wrath
 22170 | D:13     | Noticed Nessos
 22170 | D:13     | Nessos the moth of wrath changed into Nessos the swamp
                  | dragon
 22399 | D:13     | Noticed Nessos
 22401 | D:13     | Killed Nessos the tengu
 22736 | D:13     | Found Kigyotz's Antique Armour Shop.
 22738 | D:13     | Found Pauboh's Jewellery Shop.
 22835 | D:13     | Found Jukiheh's Book Shoppe.
 23172 | D:14     | Noticed a centaur warrior
 23180 | D:14     | Killed a centaur warrior
 23180 | D:14     | Reached XP level 13. HP: 63/63 MP: 3/19
 23357 | D:14     | Reached skill level 17 in Air Magic
 23630 | D:14     | Reached ****** piety under Qazlal
 24793 | D:15     | Entered Level 15 of the Dungeon
 24816 | D:15     | Reached skill level 1 in Fighting
 24884 | D:15     | Shot with an arrow by a centaur warrior

Illustrated notes

Levels and vault maps discovered:
D:1:      lightli_arrival_boilingwater, layout_loops_corners, roderic_lattice_a,
          minmay_misc_feat_enclosed
D:2:      layout_loops_corners, lemuel_coloured_pillars_altar,
          marbit_many_paths, minmay_between
D:3:      layout_basic, minmay_checkerbox
D:4:      minmay_goblin_kobold_castle, layout_cave_pools,
          minmay_temple_entry_mist, minmay_misc_feat_doors, bloody_makhleb,
          uniq_robin
D:5:      layout_rooms, lemuel_doored_altar, serial_shops, shop,
          nicolae_shop_temple_entry_statues_fountains, shop_statue, basic_altar,
          uniq_eustachio
D:6:      layout_basic, corexii_hall_statues_i, chequers_garden
D:7:      layout_gridville, uniq_harold
D:8:      layout_loops_ring, serial_shops, nicolae_shop_window_shopping, shop,
          shop, kennysheep_mini
D:9:      lemuel_insect_pit, layout_loops_corners, lemuel_crystal_altar,
          st_stairs_1, due_unseen_surprise
D:10:     lemuel_bear_cage, layout_stronghold, david_lair_shrubbed,
          hiddenorc2_lemuel, uniq_erica
D:11:     layout_basic, serial_shops, shop, basic_altar
D:12:     cheibrodos_fzero, layout_loops_cross,
          grunt_dithmenos_smoke_and_mirrors
D:13:     layout_loops_corners, david_vaults_3, serial_shops, shop,
          nicolae_shop_stone, shop, nicolae_shop_crystal, disabler_island
D:14:     layout_stronghold, serial_glass, glass_columns_a, glass_columns_a,
          nicolae_two_hexagons
D:15:     gammafunk_depths_entry_grave, layout_cave_pods,
          serial_co_window_serial, co_window_corner_a, co_window_corner_a,
          co_window_paths_a, co_window_corner_a, co_window_paths_a,
          co_window_unsneaky_path_a, co_window_2corner, co_window_paths_c,
          co_window_corner_b, co_window_of_opportunity_b, co_window_paths_e,
          glass_columns_c, glass_columns_a, glass_columns_a, glass_columns_b,
          glass_columns_b, minmay_crystal_room
Temple:   dpeg_five_rooms_temple

Skill      XL: |  1  2  3  4  5  6  7  8  9 10 11 12 13 |
---------------+----------------------------------------+-----
Dodging        | 3 4 5 6 8 10 11 12 14 | 14.8
Air Magic      | 4 5 6 8 10 11 13 15 16 17 | 17.2
Evocations     | 4 5 |  5.1
Fighting       | 1 |  1.3
Stealth        | |  2.4
Spellcasting   | |  3.0
Conjurations   | |  1.1

Action                   |  1- 3 |  4- 6 |  7- 9 | 10-12 | 13-15 || total
-------------------------+-------+-------+-------+-------+-------++-------
Melee: Staff             |       |    19 |    57 |   238 |    31 ||   345
 Fire: Heavy crossbow    |       |       |       |    19 |     2 ||    21
Throw: Throwing net      |       |       |       |     1 |       ||     1
 Cast: Shock             |    38 |   149 |   197 |   272 |       ||   656
       Airstrike         |       |     1 |    23 |   135 |    20 ||   179
       Static Discharge  |       |       |     3 |    45 |     3 ||    51
       Lightning Bolt    |       |       |       |    23 |     2 ||    25
Evoke: Wand              |       |       |       |     1 |       ||     1
       Phantom mirror    |       |       |       |     1 |       ||     1
  Use: Scroll            |       |       |    10 |     7 |     4 ||    21
       Potion            |       |       |     2 |     2 |     1 ||     5
Armor: Robe              |     2 |    11 |     4 |       |       ||    17
       Leather armour    |       |       |    35 |    97 |    49 ||   181
Dodge: Dodged            |     2 |    83 |   118 |   453 |    54 ||   710
       Repelled          |       |       |       |     7 |       ||     7
Block: Other             |       |     2 |    17 |   159 |    17 ||   195

Table legend: (Time is in decaauts)
 A = Elapsed time spent in this place.
 B = Non-inter-level travel time spent in this place.
 C = Inter-level travel time spent in this place.
 D = Time resting spent in this place.
 E = Time spent auto-exploring this place.
 F = Levels seen in this place.
 G = Mean time per level.
                   A        B        C        D        E       F      G
               +--------+--------+--------+--------+--------+-----+--------+
         Total |  25039 |  23633 |   1406 |   3092 |  16444 |  16 | 1564.9 |
       Dungeon |  24744 |  23431 |   1313 |   3092 |  16252 |  15 | 1649.6 |
        Temple |    294 |    201 |     93 |      0 |    192 |   1 |  294.0 |
               +--------+--------+--------+--------+--------+-----+--------+

Top non-repeatable levels by time:
    D:12: 4788 daAuts
    D:11: 2452 daAuts
     D:4: 2409 daAuts
    D:10: 2250 daAuts
     D:6: 2049 daAuts
    D:13: 1950 daAuts
     D:9: 1691 daAuts
    D:14: 1661 daAuts
     D:3: 1441 daAuts
     D:7: 1389 daAuts
     D:5: 1326 daAuts
     D:8: 1079 daAuts
  Temple: 294 daAuts
    D:15: 92 daAuts
     D:1: 91 daAuts
